 Dungeon Crawl Stone Soup version 0.21.1-1-g345015f (webtiles) character file.

473 VLARC the Digger (level 6, -1/45 HPs)
             Began as a Demigod Earth Elementalist on Mar 31, 2018.
             Slain by a gnoll sergeant
             ... wielding a +1 spear of piercing
              (9 damage)
             ... on level 5 of the Dungeon.
             The game lasted 00:10:28 (5085 turns).

VLARC the Digger (Demigod Earth Elementalist)       Turns: 5085, Time: 00:10:29

Health: -1/45      AC:  5    Str: 11    XL:     6   Next: 53%
Magic:  18/24      EV: 12    Int: 23    God:
Gold:   171        SH:  0    Dex: 16    Spells: 9/13 levels left

rFire    . . .     SeeInvis .   j - +3 mace "Ilumemumau" {crush, *Slow rElec MR+ MP+9}
rCold    . . .     Gourm    .   (no shield)
rNeg     . . .     Faith    .   c - +0 robe
rPois    .         Spirit   .   m - +0 helmet
rElec    +         Reflect  .   (no cloak)
rCorr    .         Harm     .   y - +1 pair of gloves
MR       +....                  (no boots)
Stlth    ++........             (no amulet)
HPRegen  0.15/turn              (no ring)
MPRegen  0.19/turn              (no ring)

@: no status effects
A: high mp 1
a: no special abilities


You were on level 5 of the Dungeon.
You were very hungry.

You visited 1 branch of the dungeon, and saw 5 of its levels.

You collected 171 gold pieces.

Inventory:

Hand Weapons
 j - the +3 mace "Ilumemumau" (weapon) {crush, *Slow rElec MR+ MP+9}
   (You found it on level 4 of the Dungeon)

   It inflicts extra damage upon your enemies.
   It insulates you from electricity.
   It affects your resistance to hostile enchantments.
   It affects your magic capacity (+9).
   It may slow you when you take damage.
 l - a +1 hand axe
Missiles
 b - 79 stones (quivered)
Armour
 c - a +0 robe (worn)
 m - a +0 helmet (worn)
 y - a +1 pair of gloves (worn)
Wands
 i - a wand of digging (19)
Scrolls
 h - a scroll of amnesia
 k - a scroll of magic mapping
 n - a scroll of identify
 o - a scroll of remove curse
 A - a scroll of teleportation {unknown}
Potions
 a - a potion of mutation
 f - a potion of brilliance
 g - 2 potions of degeneration {unknown}
 v - a potion of heal wounds {unknown}
 w - 2 potions of lignification {unknown}
 z - a potion of curing {unknown}
Books
 e - a book of Geomancy

   Spells                             Type                      Level
   a - Sandblast                      Earth                        1
   b - Passwall                       Transmutation/Earth          2
   c - Stone Arrow                    Conjuration/Earth            3
   d - Petrify                        Transmutation/Earth          4
   e - Lee's Rapid Deconstruction     Earth                        5
Comestibles
 d - 8 rations


   Skills:
 - Level 1.7 Dodging
 - Level 1.7 Stealth
 + Level 4.2 Spellcasting
 - Level 2.3 Conjurations
   Level 0.8 Transmutations
 - Level 5.0 Earth Magic


You had 9 spell levels left.
You knew the following spells:

 Your Spells              Type           Power        Failure   Level  Hunger
a - Sandblast             Erth           ####..       1%          1    None
b - Stone Arrow           Conj/Erth      ###...       7%          3    ##.....


Dungeon Overview and Level Annotations

Branches:
Dungeon (5/15)             Temple (0/1) D:4


Innate Abilities, Weirdness & Mutations

You have an increased reservoir of magic. (+10% MP)


Message History

2 gnolls come into view.
Casting: Stone Arrow
Confirm with . or Enter, or press ? or * to list all spells.
Aiming: Stone Arrow
Press: ? - help, Shift-Dir - straight line, f - gnoll
Aim: a gnoll The stone arrow hits the gnoll.
You kill the gnoll!
The gnoll shouts!
The gnoll sergeant hits you from afar with a spear of piercing!
The gnoll moves out of view.
The gnoll throws a throwing net.
The throwing net hits you.
You become entangled in the net!
A gnoll comes into view. It is wielding a halberd of flaming.
You tear a large gash into the net.
The gnoll sergeant hits you from afar with a spear of piercing!
* * * LOW HITPOINT WARNING * * *
x2 Unknown command.
You shred the net and break free!
The gnoll sergeant hits you from afar with a spear of piercing!
You die...

.<. ... g.# g.#
.g#### )....
...#####†g##.##
#......@.......
#............##
#........#####
#..#####.# #.
.. . .## .# ..


You could see a gnoll sergeant and 3 gnolls.

Vanquished Creatures
  An ogre (D:3)
  2 crimson imps
  A bullfrog zombie (D:4)
  An orc priest (D:3)
  An orc wizard (D:4)
  Jessica (D:3)
  An iguana (D:4)
  4 gnolls (D:5)
  3 adders
  An ooze (D:3)
  2 worms
  3 dart slugs
  3 leopard geckos
  11 orcs
  3 ball pythons
  10 bats
  5 giant cockroaches
  3 goblins
  10 hobgoblins
  7 jackals
  7 kobolds
  4 quokkas
  4 frilled lizards
  3 rats
91 creatures vanquished.

Notes
Turn   | Place    | Note
-------+----------+-------------------------------------------
     0 | D:1      | VLARC the Demigod Earth Elementalist began the quest for the Orb.
     0 | D:1      | Reached XP level 1. HP: 14/14 MP: 5/5
    21 | D:1      | Reached skill level 3 in Earth Magic
   241 | D:1      | Reached XP level 2. HP: 20/20 MP: 5/7
  1330 | D:1      | Reached XP level 3. HP: 26/26 MP: 4/8
  1526 | D:2      | Reached skill level 4 in Earth Magic
  1653 | D:2      | You fall through a shaft!
  1993 | D:2      | Found a snail-covered altar of Cheibriados.
  2163 | D:2      | Found a faded altar of an unknown god.
  2410 | D:2      | Found an ornate altar of the Wu Jian Council.
  2642 | D:3      | Learned a level 3 spell: Stone Arrow
  2689 | D:3      | Reached XP level 4. HP: 25/33 MP: 3/9
  2764 | D:3      | Found a burning altar of Makhleb.
  2984 | D:3      | Reached skill level 5 in Earth Magic
  3453 | D:3      | Reached skill level 1 in Conjurations
  3535 | D:3      | Noticed Jessica
  3538 | D:3      | Killed Jessica
  3618 | D:3      | Reached XP level 5. HP: 34/38 MP: 10/10
  3689 | D:3      | Found a shadowy altar of Dithmenos.
  3740 | D:3      | Found a bloodstained altar of Trog.
  3856 | D:4      | Noticed an ogre
  3876 | D:3      | Killed an ogre
  4038 | D:4      | Got a transparent mace
  4039 | D:4      | Identified the +3 mace "Ilumemumau" {crush, *Slow rElec MR+ MP+9} (You found it on level 4 of the Dungeon)
  4112 | D:4      | Reached XP level 6. HP: 23/45 MP: 13/13
  4295 | D:4      | Found a staircase to the Ecumenical Temple.
  4315 | D:4      | Found a shattered altar of Ashenzari.
  4948 | D:5      | Entered Level 5 of the Dungeon
  5085 | D:5      | Slain by a gnoll sergeant

Skill      XL: |  1  2  3  4  5  6 |
---------------+-------------------+-----
Earth Magic    | 3 4 5 |  5.0
Conjurations   | 1 2 |  2.3
Spellcasting   | 3 4 |  4.2
Dodging        | |  1.7
Stealth        | |  1.7
Transmutations | |  0.8

Action                   |  1- 3 |  4- 6 || total
-------------------------+-------+-------++-------
Melee: Unarmed           |    57 |       ||    57
       Hand axe          |    59 |    51 ||   110
       Mace              |       |    28 ||    28
 Cast: Sandblast         |    42 |    28 ||    70
       Stone Arrow       |       |    19 ||    19
  Use: Scroll            |       |    11 ||    11
 Stab: Sleeping          |     5 |     2 ||     7
  Eat: Chunk             |     6 |     8 ||    14
Armor: Robe              |    36 |    31 ||    67
Dodge: Dodged            |   116 |    78 ||   194
